 Dungeon Crawl Stone Soup version 0.27-a0-951-gae3e1deef5 (webtiles) character file.

Game seed: 12955501481387238395

3 Alarkh the Insei (level 1, 0/15 HPs)
             Began as a Demonspawn Transmuter on Apr 11, 2021.
             Slain by a bat (1 damage)
             ... on level 1 of the Dungeon.
             The game lasted 00:00:08 (55 turns).

Alarkh the Insei (Demonspawn Transmuter)              Turns: 55, Time: 00:00:09

Health: 0/15       AC:  2    Str: 10    XL:     1   Next: 41%
Magic:  2/3        EV: 12    Int: 14    God:
Gold:   0          SH:  0    Dex: 13    Spells: 3/4 levels left

rFire    . . .     SeeInvis .     - Unarmed
rCold    . . .     Faith    .   (no shield)
rNeg     . . .     Spirit   .   a - +0 robe
rPois    .         Reflect  .   (helmet currently unavailable)
rElec    .         Harm     .   (no cloak)
rCorr    .         Rampage  .   (no gloves)
Will     .....                  (boots currently unavailable)
Stlth    +.........             (no amulet)
HPRegen  0.05/turn              (no ring)
MPRegen  0.08/turn              (no ring)

@: appendages (expiring)
A: horns 2, talons 2
a: End Transformation


You were on level 1 of the Dungeon.
You had temporarily grown beastly horns and talons.
You visited 1 branch of the dungeon, and saw 1 of its levels.

Inventory:

Armour
 a - a +0 robe (worn)
Potions
 b - a potion of curing {unknown}


   Skills:
 + Level 1.1 Fighting
 - Level 1.7 Dodging
 * Level 2.8 Unarmed Combat
 + Level 2.0 Spellcasting
 + Level 1.8 Transmutations


You had 3 spell levels left.
You knew the following spells:

 Your Spells              Type           Power      Damage    Failure   Level
a - Beastly Appendage     Tmut           12%        N/A       11%         1

Your spell library contained the following spells:

 Spells                   Type           Power      Damage    Failure   Level
 Wereblood                Tmut           6%         N/A       17%         2
 Spider Form              Tmut/Pois      2%         N/A       43%         3
 Ice Form                 Ice/Tmut       4%         N/A       85%         4
 Hydra Form               Tmut           3%         N/A       97%         5


Dungeon Overview and Level Annotations

Branches:
Dungeon (1/15)

Altars:


Innate Abilities, Weirdness & Mutations

You have temporarily grown beastly horns and talons.


Message History

The hobgoblin hits you but does no damage.
You closely miss the hobgoblin. The hobgoblin misses you.
You hit the bat but do no damage. The bat closely misses you. x2
The hobgoblin hits you.
You closely miss the hobgoblin. The bat hits you but does no damage.
The hobgoblin misses you.
You closely miss the hobgoblin. The hobgoblin hits you.
You are too injured to fight recklessly!
You are too injured to fight recklessly!
You are too injured to fight recklessly!
Casting: Beastly Appendage (safe; 12% risk of failure)
Confirm with . or Enter, or press ? or * to list all spells.
You grow a pair of large bovine horns.
Your feet morph into talons.
The bat hits you but does no damage. The hobgoblin hits you.
* * * LOW HITPOINT WARNING * * *
Unknown command.
You are too injured to fight recklessly!
You closely miss the hobgoblin. Your kick misses the hobgoblin.
You headbutt the hobgoblin.
The hobgoblin is moderately wounded.
The bat closely misses you. The hobgoblin hits you.
* * * LOW HITPOINT WARNING * * *
The bat misses you.
You hit the hobgoblin.
You kill the hobgoblin!
The bat misses you. The bat barely misses you.
You miss the bat. The bat hits you.
* * * LOW HITPOINT WARNING * * *
The bat completely misses you.
You closely miss the bat.
Your transformation is almost over.
The bat misses you. The bat hits you but does no damage.
The bat hits you but does no damage.
You closely miss the bat. Your headbutt misses the bat.
The bat hits you but does no damage. The bat hits you but does no damage.
You closely miss the bat. The bat hits you but does no damage.
You barely miss the bat. The bat hits you.
You die...

###≈≈≈# ##≈≈≈≈# ##≈≈≈≈#
#########≈≈≈≈####
#....[..≈≈≈≈.....
#.......≈≈≈......
#.......≈≈≈......
##......≈≈≈≈...... #
#@......≈≈≈≈......
####.##b......≈≈≈≈......
..............≈≈≈.......
###..##.......≈≈≈.......
#.. #......≈≈≈≈.......
... #.).#####≈≈≈########
## #.### ≈≈≈≈# !..
≈≈≈≈## .(# ≈# #


You could see a bat.

Vanquished Creatures
  A goblin (D:1)
  A hobgoblin (D:1)
  A ball python (D:1)
3 creatures vanquished.

Notes
Turn   | Place    | Note
-------+----------+-------------------------------------------
     0 | D:1      | Alarkh the Demonspawn Transmuter began the quest for the
                  | Orb.
     0 | D:1      | Reached XP level 1. HP: 15/15 MP: 3/3
    55 | D:1      | Slain by a bat

Illustrated notes

Levels and vault maps discovered:
D:1:      lemuel_arrival_river_ford, layout_basic, minmay_tetromino_o4

Action                   || total
-------------------------++-------
Melee: Unarmed           ||    21
       Headbutt          ||     1
 Cast: Beastly Appendage ||     1
Armor: Robe              ||    12
Dodge: Dodged            ||    25

Table legend: (Time is in decaauts)
 A = Elapsed time spent in this place.
 B = Non-inter-level travel time spent in this place.
 C = Inter-level travel time spent in this place.
 D = Time resting spent in this place.
 E = Time spent auto-exploring this place.
 F = Levels seen in this place.
 G = Mean time per level.
                   A        B        C        D        E       F      G
               +--------+--------+--------+--------+--------+-----+--------+
         Total |     56 |     56 |      0 |      0 |     26 |   1 |   56.0 |
       Dungeon |     56 |     56 |      0 |      0 |     26 |   1 |   56.0 |
               +--------+--------+--------+--------+--------+-----+--------+

Top non-repeatable levels by time:
     D:1: 56 daAuts
